 Dungeon Crawl Stone Soup version 0.30-a0-365-ge7f957f1db (webtiles) character file.

Game seed: 10199089072382838369

1131 ragingrage the Trooper (level 8, -2/74 HPs)
             Began as an Armataur Artificer on Nov 17, 2022.
             Was an Initiate of Ru.
             Slain by an ogre
             ... wielding a +0 giant club
              (20 damage)
             ... on level 6 of the Dungeon.
             The game lasted 00:05:36 (5664 turns).

ragingrage the Trooper (Armataur Artificer)         Turns: 5664, Time: 00:05:36

Health: -2/74      AC:  8    Str: 20    XL:     8   Next: 13%
Magic:  8/8        EV:  8    Int: 11    God:    Ru [......]
Gold:   336        SH:  0    Dex: 11    Spells: 5/7 levels left

rFire   . . .      SeeInvis .    k - +0 mace
rCold   + . .      Faith    .    (no shield)
rNeg    . . .      Spirit   .    o - +1 ring mail {rC+}
rPois   .          Reflect  .    x - +0 helmet
rElec   .          Harm     .    (no cloak)
rCorr   .          Roll     +    (no gloves)
Will    .....                    (no barding)
Stlth   +.........               t - amulet of magic regeneration
HPRegen 0.32/turn                (no ring)
MPRegen 0.51/turn                (no ring)

@: no status effects
A: large, rugged brown scales 3, deformed body, armoured tail, roll, long
tongue, awkward tongue
a: Renounce Religion


You were on level 6 of the Dungeon.
You worshipped Ru.
Ru was noncommittal.
You visited 2 branches of the dungeon, and saw 7 of its levels.

You collected 336 gold pieces.

Inventory:

Hand Weapons
 k - a +0 mace (weapon)
Missiles
 l - 3 javelins (quivered)
Armour
 o - a +1 ring mail of cold resistance (worn)
 x - a +0 helmet (worn)
Jewellery
 t - an amulet of magic regeneration (around neck)
Wands
 c - a wand of flame (13)
 d - a wand of charming (14)
 e - a wand of iceblast (5)
 v - a wand of paralysis (7)
Scrolls
 a - a scroll of noise {unknown}
 b - a scroll of amnesia {unknown}
 j - 3 scrolls of teleportation {unknown}
 r - 2 scrolls of blinking {unknown}
 u - a scroll of poison {unknown}
Potions
 f - a potion of berserk rage
 g - 2 potions of ambrosia {unknown}
 h - 2 potions of might
 i - 2 potions of curing
 n - a potion of cancellation {unknown}
 p - 3 potions of heal wounds
 q - a potion of lignification {unknown}
 s - a potion of flight
 w - a potion of resistance {unknown}


   Skills:
 + Level 6.2 Fighting
 + Level 6.1 Maces & Flails
 - Level 2.4 Armour
 - Level 0.6 Dodging
 - Level 1.1 Stealth
 - Level 3.0 Evocations


You had 5 spell levels left.
You knew the following spells:

 Your Spells              Type           Power      Damage    Failure   Level
a - Wereblood             Tmut           0%         N/A       65%         2

Your spell library contained the following spells:

 Spells                   Type           Power      Damage    Failure   Level
 Beastly Appendage        Tmut           0%         N/A       52%         1
 Kiss of Death            Conj/Necr      0%         2d5       52%         1
 Confusing Touch          Hex            0%         N/A       87%         3
 Ignite Poison            Fire/Tmut/Pois 0%         N/A       87%         3
 Kindle Blastsparks       Fire/Tloc/Air  0%         2d10      87%         3
 Spider Form              Tmut/Pois      0%         N/A       87%         3
 Dispel Undead            Necr           0%         3d6       99%         4
 Freezing Cloud           Conj/Ice/Air   0%         6-21      100%        5


Dungeon Overview and Level Annotations

Branches:
Dungeon (6/15)             Temple (1/1) D:5

Altars:
Ashenzari
Cheibriados
Dithmenos
Elyvilon
Fedhas
Gozag
Makhleb
Nemelex Xobeh
Ru
Sif Muna
Uskayaw
Vehumet
Wu Jian
Xom
Yredelemnul
Zin
The Shining One

Shops:
D:1 :


Innate Abilities, Weirdness & Mutations

You are completely covered in rugged brown scales. (AC +3, +7% HP)
Armour fits poorly on your strangely shaped body.
You have a long armoured tail.
You roll when moving toward enemies. (Rampage)
Your long tongue fully drains potion bottles. (2x potion effects)
Your tongue gives you trouble enunciating. (1.5x scroll delay)


Message History

The poisoned dart barely misses the ogre.
Throw: 4 javelins
Press: ? - help, Q - select action, (/) - cycle Shift-Dir - straight line, f/p - ogre
Aim: an ogre, wielding a +0 giant club (74% to hit)
Okay, then.
Throw: 4 javelins
Press: ? - help, Q - select action, (/) - cycle Shift-Dir - straight line, f/p - ogre
Aim: an ogre, wielding a +0 giant club (74% to hit)
You throw a javelin. The javelin pierces through the ogre.
The ogre is lightly wounded.
Aiming: Throw Flame
Press: ? - help, Shift-Dir - straight line, f/p - ogre
Aim: an ogre, wielding a +0 giant club (lightly wounded, 86% to hit)
The puff of flame hits the ogre.
The ogre is moderately wounded.
You hit the ogre but do no damage.
The ogre is moderately wounded.
The ogre barely misses you.
You barely miss the ogre.
The ogre is moderately wounded.
The ogre hits you with a +0 giant club!!
You barely miss the ogre. You tail-slap the ogre.
The ogre is heavily wounded.
The ogre hits you with a +0 giant club!!
You hit the ogre.
Your tail-slap misses the ogre.
The ogre is heavily wounded.
You hit the ogre.
The ogre is severely wounded.
The ogre closely misses you.
You hit the ogre but do no damage. You tail-slap the ogre.
The ogre is almost dead.
The ogre hits you with a +0 giant club!!
* * * LOW HITPOINT WARNING * * *
You completely miss the ogre.
You tail-slap the ogre, but do no damage.
The ogre is almost dead.
You slurp down every last drop of the 3 potions of curing!
You feel better.
The ogre hits you with a +0 giant club!!
You die...

....## .. #(...# ..# ..(..+...
.(..#.# ... .(.... #.#
.....####...##### #.#.
.....+...O......# #.#.#
#...#...@......# .#.#.#
#...#..........# .#.#.#
#......)......# .#.#.#
##.##..........# .#.#.#
##..##..........#
.#<#.###...........#+###.
...#...............#.# #.#+######
.#.#..##...........#.# #.........
.....###############.###.........


You could see an ogre.

Vanquished Creatures
  Duvessa (D:5)
  2 ice beasts
  An ogre (D:6)
  3 necrophages
  3 scorpions
  Dowan (D:5)
  2 hounds (D:6)
  2 orc priests (D:5)
  An orc wizard (D:4)
  3 iguanas
  4 adders
  2 shadow imps
  An ufetubus (D:5)
  A worm (D:3)
  2 dart slugs (D:1)
  3 orcs
  3 bats
  3 endoplasms
  2 giant cockroaches
  7 goblins
  6 hobgoblins
  4 jackals (D:3)
  5 kobolds
  2 quokkas
  4 ball pythons
  6 frilled lizards
  4 rats
78 creatures vanquished.

Notes
Turn   | Place    | Note
-------+----------+-------------------------------------------
     0 | D:1      | ragingrage the Armataur Artificer began the quest for the
                  | Orb.
     0 | D:1      | Reached XP level 1. HP: 16/16 MP: 1/1
    21 | D:1      | Reached skill level 1 in Fighting
   328 | D:1      | Reached skill level 1 in Maces & Flails
   328 | D:1      | Reached XP level 2. HP: 24/24 MP: 2/2
   540 | D:1      | Found Emiriban's Book Shoppe.
   589 | D:1      | Found a faded altar of an unknown god.
  1169 | D:2      | Reached XP level 3. HP: 27/31 MP: 3/3
  1712 | D:2      | Found an ornate altar of the Wu Jian Council.
  2146 | D:3      | Learned a level 2 spell: Wereblood
  2414 | D:3      | Reached XP level 4. HP: 37/39 MP: 4/4
  2676 | D:4      | Reached XP level 5. HP: 38/48 MP: 5/5
  3413 | D:5      | Entered Level 5 of the Dungeon
  3567 | D:5      | Noticed Dowan
  3568 | D:5      | Noticed Duvessa
  3634 | D:4      | Reached XP level 6. HP: 25/55 MP: 6/6
  3940 | D:5      | Killed Duvessa
  4018 | D:5      | Killed Dowan
  4053 | D:5      | Reached XP level 7. HP: 22/60 MP: 7/7
  4222 | D:5      | Reached skill level 5 in Fighting
  4384 | D:5      | Reached skill level 5 in Maces & Flails
  4721 | D:5      | Found a staircase to the Ecumenical Temple.
  4736 | Temple   | Entered the Ecumenical Temple
  4736 | Temple   | Found a transporter.
  4736 | Temple   | Found a transporter.
  4742 | Temple   | Found a transporter.
  4742 | Temple   | Found a transporter.
  4775 | Temple   | Became a worshipper of Ru the Awakened
  5359 | D:6      | Reached XP level 8. HP: 64/74 MP: 8/8
  5547 | D:6      | Found a blossoming altar of Fedhas.
  5664 | D:6      | Slain by an ogre

Illustrated notes

Levels and vault maps discovered:
D:1:      amcnicky_arrival_feature_with_door, layout_basic,
          ebering_ecumenical_altar_box, serial_shops, shop, minmay_crystal_room
D:2:      cheibrodos_old_hovel, layout_loops_cross, basic_altar
D:3:      layout_basic, minmay_misc_feat_square
D:4:      layout_basic
D:5:      layout_rooms, minmay_temple_entry_mist,
          hangedman_abyss_or_decor_stagger, chequers_arboretum, dk_vineyard_1,
          uniq_duvessa
D:6:      layout_basic, grunt_qazlal_clouds, kennysheep_mini_moat,
          kennysheep_okawaru_gauntlet, minmay_starry_boxes
Temple:   hellmonk_temple_divided_pantheon

Skill      XL: |  1  2  3  4  5  6  7  8 |
---------------+-------------------------+-----
Fighting       | 1 2 3 4 6 |  6.2
Maces & Flails | 1 2 3 4 5 6 |  6.1
Armour         | |  2.4
Dodging        | |  0.6
Stealth        | |  1.1
Evocations     | |  3.0

Action                   |  1- 3 |  4- 6 |  7- 9 || total
-------------------------+-------+-------+-------++-------
Melee: Club              |    45 |       |       ||    45
       Mace              |   112 |   141 |   124 ||   377
       Tailslap          |    12 |    22 |    16 ||    50
       Punch             |       |     3 |     3 ||     6
Throw: Dart              |       |       |     3 ||     3
       Javelin           |       |       |     1 ||     1
Evoke: Wand              |       |     5 |     2 ||     7
  Use: Scroll            |       |     4 |       ||     4
       Potion            |       |     1 |     2 ||     3
 Stab: Sleeping          |     2 |       |       ||     2
       Paralysed         |       |     7 |     3 ||    10
Armor: Leather armour    |    34 |       |       ||    34
       Ring mail         |    37 |    70 |    53 ||   160
Dodge: Dodged            |    71 |    46 |    69 ||   186

Table legend: (Time is in decaauts)
 A = Elapsed time spent in this place.
 B = Non-inter-level travel time spent in this place.
 C = Inter-level travel time spent in this place.
 D = Time resting spent in this place.
 E = Time spent auto-exploring this place.
 F = Levels seen in this place.
 G = Mean time per level.
                   A        B        C        D        E       F      G
               +--------+--------+--------+--------+--------+-----+--------+
         Total |   5783 |   5592 |    191 |   1240 |   3347 |   7 |  826.1 |
       Dungeon |   5726 |   5553 |    173 |   1240 |   3342 |   6 |  954.3 |
        Temple |     57 |     39 |     18 |      0 |      5 |   1 |   57.0 |
               +--------+--------+--------+--------+--------+-----+--------+

Top non-repeatable levels by time:
     D:5: 1408 daAuts
     D:4: 1390 daAuts
     D:1: 1038 daAuts
     D:2: 787 daAuts
     D:3: 662 daAuts
     D:6: 439 daAuts
  Temple: 57 daAuts
